 Dungeon Crawl Stone Soup version 0.24-a0-91-g4e4936a (webtiles) character file.

Game seed: 16834127005914080917

2179 Borgoz the Covered (level 9, -4/55 HPs)
             Began as a Gargoyle Abyssal Knight on Feb 9, 2019.
             Was an Elder of Lugonu.
             Slain by a two-headed ogre
             ... wielding a +0 giant club
              (9 damage)
             ... on level 8 of the Dungeon.
             The game lasted 00:19:05 (7251 turns).

Borgoz the Covered (Gargoyle Abyssal Knight)        Turns: 7251, Time: 00:19:06

Health: -4/55      AC: 21    Str: 21    XL:     9   Next: 33%
Magic:  0/12       EV: 12    Int: 13    God:    Lugonu [****..]
Gold:   288        SH:  0    Dex: 12    Spells: 8/8 levels left

rFire    + . .     SeeInvis .   G - +1 flail (protect)
rCold    . . .     Gourm    .   (no shield)
rNeg     + . .     Faith    .   l - +0 ring mail
rPois    ∞         Spirit   +   (no helmet)
rElec    +         Reflect  .   u - +0 cloak
rCorr    .         Harm     .   (no gloves)
MR       .....                  (no boots)
Stlth    +.........             p - amulet of guardian spirit
HPRegen  0.18/turn              g - ring of protection from fire
MPRegen  0.13/turn              (no ring)

@: mighty, protection aura
A: negative energy resistance 1, electricity resistance, unbreathing,
petrification resistance, rot immunity, AC +6
a: Depart the Abyss, Bend Space, Banish, Corrupt, Renounce Religion


You were on level 8 of the Dungeon.
You worshipped Lugonu.
Lugonu was greatly pleased with you.
You were not hungry.

You visited 2 branches of the dungeon, and saw 9 of its levels.
You visited the Abyss 1 time.

You collected 288 gold pieces.

Inventory:

Hand Weapons
 s - a +0 war axe
 G - a +1 flail of protection (weapon)
Armour
 l - a +0 ring mail (worn)
 u - a +0 cloak (worn)
Jewellery
 f - an uncursed amulet of regeneration
 g - a ring of protection from fire (left hand)
 m - an uncursed ring of ice
 p - an amulet of guardian spirit (around neck)
 w - a +3 ring of strength {unknown}
 y - a +3 ring of strength {unknown}
 A - an uncursed amulet of magic regeneration {unknown}
 B - an uncursed ring of resist corrosion {unknown}
Wands
 o - a wand of polymorph (9)
Scrolls
 a - a scroll of blinking {unknown}
 b - a scroll of vulnerability {unknown}
 d - 3 scrolls of enchant weapon
 e - 3 scrolls of immolation
 i - 4 scrolls of amnesia
 j - 2 scrolls of teleportation
 k - a scroll of fear
 n - 2 scrolls of magic mapping {unknown}
 x - a scroll of remove curse {unknown}
 F - 2 scrolls of identify
Potions
 h - 2 potions of haste
 q - a potion of flight
 r - a potion of mutation
 t - a potion of magic
 E - a potion of agility {unknown}
Comestibles
 c - 10 rations
 v - 3 chunks of flesh


   Skills:
 + Level 5.9 Fighting
 * Level 5.3(5.6) Axes
 - Level 3.1(4.9) Maces & Flails
 * Level 7.4 Armour
 + Level 3.6 Dodging
 + Level 5.3 Invocations


You had 8 spell levels left.
You didn't know any spells.
Your spell library contained the following spells:

 Spells                   Type           Power        Failure   Level  Hunger
 Sandblast                Erth           #.....       43%         1    ##.....
 Sting                    Conj/Pois      #...         43%         1    ##.....
 Passwall                 Tmut/Erth      #.......     56%         2    ###....
 Poisonous Vapours        Pois/Air       #.....       56%         2    ###....
 Mephitic Cloud           Conj/Pois/Air  #.......     80%         3    ####...
 Stone Arrow              Conj/Erth      #.....       80%         3    ####...
 Olgreb's Toxic Radiance  Pois           #.......     99%         4    #####..
 Petrify                  Tmut/Erth      #.......     99%         4    #####..
 Lee's Rapid Deconstruct  Erth           #.........   100%        5    ######.
 Venom Bolt               Conj/Pois      #.........   100%        5    ######.


Dungeon Overview and Level Annotations

Branches:
Dungeon (8/15)             Temple (1/1) D:4
   Lair: D:8-11

Altars:
Ashenzari
Dithmenos
Elyvilon
Fedhas
Gozag
Hepliaklqana
Kikubaaqudgha
Makhleb
Nemelex Xobeh
Okawaru
Ru
Sif Muna
Trog
Uskayaw
Vehumet
Wu Jian
Xom
Zin

Shops:
D:7 %   D:8 =


Innate Abilities, Weirdness & Mutations

You are resistant to torment.
Your stone body is resilient. (AC +6)
You are immune to poison.
You resist negative energy. (rN+)
You are resistant to electric shocks. (rElec)
You can survive without breathing.
You are immune to petrification.
You are immune to rotting.


Message History

The two-headed ogre hits you but does no damage.
You thump the two-headed ogre!
The two-headed ogre is heavily wounded.
The wight closely misses you.
You hit the two-headed ogre.
The two-headed ogre is severely wounded.
The two-headed ogre hits you with a +0 giant club.
The two-headed ogre hits you with a +0 giant spiked club!
* * * LOW HITPOINT WARNING * * *
The wight barely misses you.
You hit the two-headed ogre.
The two-headed ogre is severely wounded.
The two-headed ogre hits you with a +0 giant club!
* * * LOW HITPOINT WARNING * * *
The two-headed ogre hits you but does no damage.
The wight hits you but does no damage.
You sock the two-headed ogre!
The two-headed ogre is almost dead.
The two-headed ogre hits you with a +0 giant club!
You die...

#....#.....#.....
###########...#....†'.....
#.#..#...##...#.....#.....
#........#....#.....#.....
#........#....#.....#.?...
#....<...##...#.....#.....
#........##...#.....#.....
#........)z...#.....#.....
#........@...<#.....#.....
#.........O...#.....#.....
#######.#+#...#.....##+###
#.'∩'.[)#.....#
###+#.[[#.....#
#.....'.....#
##....#.....# ##...#.....#
#...#.....#


You could see a two-headed ogre and a wight.

Vanquished Creatures
  The ghost of CasualChangeling the Bolt Thrower, an amateur KoHu of Elyvilon (D:4)
  Menkaure (D:4)
  A black bear (D:7)
  A phantom (D:4)
  2 centaurs (D:6)
  A bullfrog (D:7)
  A scorpion (D:4)
  4 killer bees (D:8)
  7 wights
  3 howler monkeys (D:7)
  A crimson imp (D:6)
  A centaur skeleton (D:7)
  A bullfrog skeleton (D:4)
  A jelly (D:7)
  A gnoll shaman (D:6)
  3 orc priests (D:7)
  5 hounds
  5 worker ants
  Terence (D:2)
  2 orc wizards
  A hound skeleton (D:4)
  Robin (D:2)
  2 adders (D:7)
  2 howler monkey skeletons
  5 gnolls (D:6)
  2 oozes
  An adder zombie (D:7)
  An adder skeleton (D:4)
  3 worms
  3 dart slugs
  5 leopard geckos
  16 orcs
  7 giant cockroaches
  21 goblins
  14 hobgoblins
  2 jackals (D:4)
  5 quokkas
  A ball python (D:2)
  8 bats
  5 frilled lizards
  10 kobolds
  5 rats
163 creatures vanquished.

Notes
Turn   | Place    | Note
-------+----------+-------------------------------------------
     0 | Abyss:1  | Borgoz the Gargoyle Abyssal Knight began the quest for the
                  | Orb.
     0 | Abyss:1  | Reached XP level 1. HP: 14/14 MP: 2/2
    25 | Abyss:1  | Found a corrupted altar of Lugonu.
    75 | Abyss:1  | Noticed a freezing wraith
    76 | D:1      | Escaped the Abyss
   254 | D:1      | Reached XP level 2. HP: 19/19 MP: 3/3
   407 | D:1      | Reached skill level 1 in Dodging
   617 | D:1      | Reached * piety under Lugonu
   955 | D:1      | Reached XP level 3. HP: 23/23 MP: 4/4
  1123 | D:2      | Noticed Robin
  1232 | D:3      | Reached skill level 3 in Armour
  1317 | D:2      | Reached XP level 4. HP: 28/28 MP: 5/5
  1324 | D:2      | Noticed Terence
  1335 | D:2      | Killed Terence
  1396 | D:2      | Reached ** piety under Lugonu
  1466 | D:2      | Killed Robin
  1803 | D:2      | Reached XP level 5. HP: 33/33 MP: 7/7
  1936 | D:3      | Found a bloodstained altar of Trog.
  2493 | D:4      | Found a runed translucent gate.
  2493 | D:4      | Found a runed translucent gate.
  2493 | D:4      | Found a runed translucent gate.
  2504 | D:4      | Noticed CasualChangeling's ghost (amateur KoHu)
  2553 | D:3      | Reached skill level 1 in Axes
  2584 | D:4      | Reached skill level 4 in Armour
  2615 | D:4      | Reached XP level 6. HP: 35/38 MP: 8/8
  2835 | D:4      | Found a staircase to the Ecumenical Temple.
  2853 | Temple   | Entered the Ecumenical Temple
  3233 | D:4      | Found a shadowy altar of Dithmenos.
  3236 | D:4      | Noticed a phantom
  3280 | D:4      | Killed a phantom
  3280 | D:4      | Reached XP level 7. HP: 36/43 MP: 9/9
  3494 | D:4      | Found a white marble altar of Elyvilon.
  3494 | D:4      | Noticed Menkaure
  3511 | D:4      | HP: 3/64 [Menkaure (5)]
  3514 | D:4      | Killed Menkaure
  3514 | D:4      | Reached skill level 5 in Armour
  3914 | D:5      | Entered Level 5 of the Dungeon
  4298 | D:5      | Found a sparkling altar of Nemelex Xobeh.
  4458 | D:4      | Killed CasualChangeling's ghost
  4696 | D:6      | Reached XP level 8. HP: 30/48 MP: 8/11
  4744 | D:6      | Reached skill level 5 in Fighting
  4876 | D:6      | Reached *** piety under Lugonu
  4905 | D:6      | Reached skill level 6 in Armour
  5676 | D:7      | Found Potiol's Food Shoppe.
  6050 | D:7      | Found a burning altar of Makhleb.
  6068 | D:7      | Reached XP level 9. HP: 24/54 MP: 6/12
  6296 | D:7      | Reached skill level 7 in Armour
  6296 | D:7      | Reached skill level 5 in Invocations
  6530 | D:8      | Found Xonuwnon's Jewellery Emporium.
  6562 | D:8      | Reached skill level 5 in Axes
  6769 | D:7      | Reached **** piety under Lugonu
  7239 | D:8      | Noticed a two-headed ogre
  7251 | D:8      | Slain by a two-headed ogre

Levels and vault maps discovered:
D:1:      dpeg_arrival_chase, layout_basic, patterned_corridor
D:2:      layout_basic, minmay_goblin_outpost, uniq_robin, uniq_terence
D:3:      layout_loops_cross, first_ration, trog_three_pillars_becter
D:4:      layout_loops_ring, nicolae_dithmenos_the_darkroom,
          lemuel_coloured_pillars_altar, minmay_temple_entry_sparse_star,
          ebering_ghost_rock_garden, uniq_menkaure
D:5:      layout_basic, nemelex_altar_shiori, hangedman_abyss_or_decor_slice,
          minmay_misc_feat_secret_circle, kennysheep_small_square
D:6:      layout_loops_ring
D:7:      layout_basic, lightli_temple_of_fire, serial_shops,
          nicolae_shop_competitors_out_of_business
D:8:      layout_gridville, chequers_temple_overflow_statue_of_worship,
          dpeg_lair_monsters, serial_shops, nicolae_shop_behind_doors
Temple:   minmay_temple_curvy_branch
Abyss:1

Skill      XL: |  1  2  3  4  5  6  7  8  9 |
---------------+----------------------------+-----
Dodging        | 1 2 3 |  3.6
Armour         | 3 4 5 6 7 |  7.4
Maces & Flails | 3 |  3.1
Axes           | 1 2 3 4 5 |  5.3
Invocations    | 3 4 5 |  5.3
Fighting       | 4 5 |  5.9

Action                   |  1- 3 |  4- 6 |  7- 9 || total
-------------------------+-------+-------+-------++-------
Melee: Mace              |   112 |   263 |   403 ||   778
       Flail             |       |       |   142 ||   142
Invok: Depart the Abyss  |     1 |       |       ||     1
  Use: Scroll            |     4 |     6 |     5 ||    15
       Potion            |       |       |    11 ||    11
 Stab: Sleeping          |     1 |       |       ||     1
  Eat: Chunk             |     1 |     7 |    14 ||    22
Armor: Leather armour    |    41 |    89 |       ||   130
       Ring mail         |       |    66 |   385 ||   451
       Skin              |       |       |     6 ||     6
Dodge: Dodged            |    75 |   165 |   412 ||   652

Table legend:
 A = Non-vault XP
 B = Vault XP
 C = Vault XP percentage of total XP
 D = Non-vault monster count
 E = Vault monster count
 F = Vault count percentage of total count
                 A         B        C        D         E       F
            +---------+---------+-------+---------+---------+-------
      Total |    2607 |     507 |  16.3 |     136 |      27 |  16.6
            +---------+---------+-------+---------+---------+-------
        D:1 |      33 |      11 |  25.0 |      18 |       6 |  25.0
        D:2 |      39 |      65 |  62.5 |      18 |       9 |  33.3
        D:3 |      91 |      16 |  15.0 |      26 |       9 |  25.7
        D:4 |     413 |     412 |  49.9 |      19 |       2 |   9.5
        D:5 |       1 |       3 |  75.0 |       1 |       1 |  50.0
        D:6 |     766 |       0 |   0.0 |      21 |       0 |   0.0
        D:7 |     799 |       0 |   0.0 |      22 |       0 |   0.0
        D:8 |     465 |       0 |   0.0 |      11 |       0 |   0.0
            +---------+---------+-------+---------+---------+-------
